 Dungeon Crawl Stone Soup version 0.30-a0-1043-g60ff8d5f49 (webtiles) character file.

Game seed: 15699542758065868155

35 elagabalus the Grasshopper (level 3, 0/31 HPs)
             Began as an Armataur Warper on Apr 11, 2023.
             Slain by a gnoll
             ... wielding a +0 club
              (3 damage)
             ... on level 2 of the Dungeon.
             The game lasted 00:06:05 (684 turns).

elagabalus the Grasshopper (Armataur Warper)         Turns: 684, Time: 00:06:06

Health: 0/31       AC:  3    Str: 18    XL:     3   Next: 16%
Magic:  6/6        EV:  9    Int: 13    God:
Gold:   45         SH:  0    Dex:  9    Spells: 3/6 levels left

rFire   . . .      SeeInvis .    j - +0 whip
rCold   . . .      Faith    .    (no shield)
rNeg    . . .      Spirit   .    (no body armour)
rPois   .          Reflect  .    (no helmet)
rElec   .          Roll     +    (no cloak)
rCorr   .                        (no gloves)
Will    .....                    (no barding)
Stlth   +                        (no amulet)
HPRegen 0.25/turn                (no ring)
MPRegen 0.10/turn                (no ring)

@: no status effects
A: large, rugged brown scales 3, deformed body, armoured tail, roll, long
tongue, awkward tongue
a: no special abilities


You were on level 2 of the Dungeon.
You visited 1 branch of the dungeon, and saw 2 of its levels.

You collected 45 gold pieces.

Inventory:

Hand Weapons
 j - a +0 whip (weapon)
Missiles
 d - 7 boomerangs of dispersal (quivered)
 e - 3 poisoned darts
Armour
 b - a +0 scale mail
Jewellery
 g - a ring of ice
Scrolls
 a - 2 scrolls of vulnerability {unknown}
 c - a scroll of blinking
 m - a scroll of enchant weapon {unknown}
 o - a scroll of immolation {unknown}
 p - a scroll of teleportation {unknown}
 r - a scroll of poison {unknown}
Potions
 f - a potion of attraction {unknown}
 h - a potion of invisibility {unknown}
 i - a potion of flight {unknown}
 k - a potion of heal wounds {unknown}
 l - a potion of lignification {unknown}
 n - 3 potions of curing {unknown}
 q - a potion of degeneration {unknown}


   Skills:
 - Level 2.0 Fighting
 - Level 2.0 Maces & Flails
 - Level 1.0 Throwing
 - Level 1.2 Armour
 - Level 1.3 Dodging
 - Level 2.0 Spellcasting
 * Level 3.8 Translocations


You had 3 spell levels left.
You knew the following spells:

 Your Spells              Type           Power      Damage    Failure   Level
a - Vhi's Electric Charg  Tloc/Air       12%        N/A       34%         3

Your spell library contained the following spells:

 Spells                   Type           Power      Damage    Failure   Level
 Blink                    Tloc           22%        N/A       8%          2
 Lesser Beckoning         Tloc           22%        N/A       8%          2
 Teleport Other           Tloc           11%        N/A       16%         3
 Manifold Assault         Tloc           11%        N/A       45%         4


Dungeon Overview and Level Annotations

Branches:
Dungeon (2/15)

Altars:


Innate Abilities, Weirdness & Mutations

You are completely covered in rugged brown scales. (AC +3, +7% HP)
Armour fits poorly on your strangely shaped body.
You have a long armoured tail.
You roll when moving toward enemies. (Rampage)
Your long tongue fully drains potion bottles. (2x potion effects)
Your tongue gives you trouble enunciating. (1.5x scroll delay)


Message History

You hit the bat.
You kill the bat!
You see here a bat corpse. 2 gnolls come into view.
The gnoll shouts!
You hear a shout!
A gnoll comes into view. It is wielding a +0 spear.
You hear a shout!
The gnoll shouts!
You see here a scroll labelled LEWKIKH ROXT.
r - a scroll labelled LEWKIKH ROXT The gnoll throws a throwing net.
The throwing net hits you.
You become entangled in the net!
A rat comes into view.
You tear a large gash into the net.
A kobold comes into view. It is wielding a +0 whip.
You struggle against the net.
You rip the net and break free!
The gnoll closely misses you. The gnoll attacks as you move away!
The gnoll hits you with a +0 club!
You see here a bat corpse.
You barely miss the gnoll.
Your tail-slap misses the gnoll.
The gnoll hits you with a +0 club.
You hit the gnoll.
The gnoll is heavily wounded.
The gnoll hits you from afar with a +0 spear!
The gnoll hits you but does no damage.
You hit the gnoll but do no damage.
The gnoll is heavily wounded.
The gnoll hits you from afar with a +0 spear.
The gnoll hits you but does no damage.
You barely miss the gnoll.
The gnoll is heavily wounded.
The gnoll closely misses you. The gnoll hits you with a +0 club.
* * * LOW HITPOINT WARNING * * *
You hit the gnoll but do no damage.
The gnoll is heavily wounded.
The gnoll hits you from afar with a +0 spear.
* * * LOW HITPOINT WARNING * * *
The gnoll hits you with a +0 club.
You die...

#..# ##.#
#########..#####.#
#................#
#.#######........#
#.# ##.#####.# #.#
#.# #.# #.# #.#
#.# #.# #.# #.# #
#@# #.. ...
#..##g# #.. ..#
#...g.# #.# ####
...Kg#### #... ##.
.. #


You could see 2 gnolls.

Vanquished Creatures
  A dart slug (D:1)
  3 ball pythons (D:1)
  4 bats
  2 endoplasms
  2 giant cockroaches
  4 hobgoblins (D:1)
  4 jackals (D:1)
  A frilled lizard (D:2)
  2 goblins (D:1)
  A kobold (D:1)
  5 rats (D:1)
29 creatures vanquished.

Notes
Turn   | Place    | Note
-------+----------+-------------------------------------------
     0 | D:1      | elagabalus the Armataur Warper began the quest for the Orb.
     0 | D:1      | Reached XP level 1. HP: 18/18 MP: 3/3
    22 | D:1      | Reached skill level 1 in Throwing
   132 | D:1      | Reached XP level 2. HP: 23/25 MP: 5/5
   341 | D:1      | Found a faded altar of an unknown god.
   432 | D:1      | Reached XP level 3. HP: 31/31 MP: 6/6
   484 | D:1      | Learned a level 3 spell: Vhi's Electric Charge
   684 | D:2      | Slain by a gnoll

Illustrated notes

Levels and vault maps discovered:
D:1:      dpeg_arrival_ratfight, layout_rooms,
          hellmonk_ecumenical_altar_crossroads, minmay_hedge_maze,
          hangedman_decor_peaks_small
D:2:      layout_loops_ring

Skill      XL: |  1 |
---------------+----+-----
Throwing       | 1 |  1.0
Fighting       | 2 |  2.0
Maces & Flails | 2 |  2.0
Spellcasting   | 2 |  2.0
Armour         | |  1.2
Dodging        | |  1.3
Translocations | |  3.8

Action                     || total
---------------------------++-------
  Melee: Mace              ||    54
         Tailslap          ||     6
         Whip              ||    49
 Armour: Skin              ||    60
         Leather armour    ||     1
  Dodge: Dodged            ||    56

Table legend: (Time is in decaauts)
 A = Elapsed time spent in this place.
 B = Non-inter-level travel time spent in this place.
 C = Inter-level travel time spent in this place.
 D = Time resting spent in this place.
 E = Time spent auto-exploring this place.
 F = Levels seen in this place.
 G = Mean time per level.
                   A        B        C        D        E       F      G
               +--------+--------+--------+--------+--------+-----+--------+
         Total |    699 |    285 |    414 |      0 |      5 |   2 |  349.5 |
       Dungeon |    699 |    285 |    414 |      0 |      5 |   2 |  349.5 |
               +--------+--------+--------+--------+--------+-----+--------+

Top non-repeatable levels by time:
     D:1: 607 daAuts
     D:2: 91 daAuts
